 Dungeon Crawl Stone Soup version 0.21.1-1-g345015fe64 (webtiles) character file.

116 Mrkan the Shield-Bearer (level 5, -3/41 HPs)
             Began as a Formicid Fighter on May 8, 2018.
             Slain by a wight
             ... wielding a cursed +5 spear of freezing
              (4 damage)
             ... on level 3 of the Dungeon.
             The game lasted 00:05:13 (3375 turns).

Mrkan the Shield-Bearer (Formicid Fighter)          Turns: 3375, Time: 00:05:14

Health: -3/41      AC:  6    Str: 21    XL:     5   Next: 21%
Magic:  5/5        EV:  7    Int:  8    God:
Gold:   99         SH:  9    Dex: 10    Spells: 4/4 levels left

rFire    . . .     SeeInvis +   a - +0 trident
rCold    . . .     Gourm    .   c - +0 shield
rNeg     . . .     Faith    .   b - +0 scale mail
rPois    .         Spirit   .   (helmet unavailable)
rElec    .         Reflect  .   (no cloak)
rCorr    .         Harm     .   (no gloves)
MR       .....                  (no boots)
Stlth    ..........             (no amulet)
HPRegen  0.13/turn              (no ring)
MPRegen  0.09/turn              (no ring)

@: drained
A: permanent stasis, dig shafts and tunnels, four strong arms, antennae 3
a: Dig, Shaft Self


You were on level 3 of the Dungeon.
You were not hungry.

You visited 1 branch of the dungeon, and saw 3 of its levels.

You collected 99 gold pieces.

Inventory:

Hand Weapons
 a - a +0 trident (weapon)
Armour
 b - a +0 scale mail (worn)
 c - a +0 shield (worn)
Jewellery
 h - an uncursed ring of protection from fire {unknown}
Scrolls
 e - 2 scrolls of fear {unknown}
 g - a scroll of enchant armour {unknown}
 i - a scroll of random uselessness {unknown}
 m - a scroll of remove curse {unknown}
 n - a scroll of fog {unknown}
Potions
 d - a potion of might
 j - 2 potions of heal wounds {unknown}
 l - a potion of curing {unknown}
 p - a potion of lignification {unknown}
 q - a potion of invisibility {unknown}
Books
 k - a book of Minor Magic

   Spells                             Type                      Level
   a - Magic Dart                     Conjuration                  1
   b - Blink                          Translocation                2
   c - Call Imp                       Summoning                    2
   d - Slow                           Hexes                        2
   e - Conjure Flame                  Conjuration/Fire             3
   f - Mephitic Cloud                 Conjuration/Poison/Air       3
Comestibles
 f - 5 rations
 o - a chunk of flesh


   Skills:
 - Level 3.3(2.2) Fighting
 * Level 4.2(3.1) Polearms
 - Level 3.3(2.2) Armour
 + Level 4.8(3.6) Shields


You had 4 spell levels left.
You didn't know any spells.

Dungeon Overview and Level Annotations

Branches:
Dungeon (3/15)

Altars:


Innate Abilities, Weirdness & Mutations

You cannot be hasted, slowed, berserked, paralysed or teleported.
You can dig through walls and to a lower floor.
Your four strong arms can wield two-handed weapons with a shield.
You have a pair of large antennae on your head. (SInv)


Message History

The wight hits you with an enchanted spear.
You feel drained.
You barely miss the wight.
The wight is moderately damaged.
The wight hits you but does no damage.
The wight hits you with an enchanted spear.
You feel drained.
The wight hits you from afar with a spear of freezing!
* * * LOW HITPOINT WARNING * * *
The wight freezes you.
* * * LOW HITPOINT WARNING * * *
The wight barely misses you.
You closely miss the wight.
The wight is moderately damaged.
The wight hits you from afar with a spear of freezing!
* * * LOW HITPOINT WARNING * * *
You feel drained.
* * * LOW HITPOINT WARNING * * *
The wight freezes you.
You die...

#.# #.## { #.# ...# #.#
#..# #.# ###..##
#####.# .....#
).....########## #...#
...............# #...#
##############.####.?.#
#..@zzz..# ######.#.#
#.#.# ..#.# ####.# .#
.# .#


You could see 3 wights.

Vanquished Creatures
  A gnoll (D:1)
  4 adders
  2 oozes (D:2)
  A worm (D:2)
  5 dart slugs
  2 leopard geckos
  A ball python (D:2)
  3 giant cockroaches
  6 hobgoblins
  8 kobolds
  A quokka (D:3)
  8 bats
  A frilled lizard (D:1)
  4 goblins
  3 rats
50 creatures vanquished.

Notes
Turn   | Place    | Note
-------+----------+-------------------------------------------
     0 | D:1      | Mrkan the Formicid Fighter began the quest for the Orb.
     0 | D:1      | Reached XP level 1. HP: 18/18 MP: 1/1
   580 | D:1      | Reached XP level 2. HP: 24/24 MP: 2/2
   921 | D:1      | Reached XP level 3. HP: 24/29 MP: 3/3
  1705 | D:2      | Reached XP level 4. HP: 21/35 MP: 4/4
  2583 | D:2      | Reached XP level 5. HP: 32/41 MP: 5/5
  3375 | D:3      | HP: 1/41 [wight/spear of freezing (2)]
  3375 | D:3      | Slain by a wight

Skill      XL: |  1  2  3  4 |
---------------+-------------+-----
Shields        | 4 |  4.8
Polearms       | 3 4 |  4.2
Fighting       | |  3.3
Armour         | |  3.3

Action                   |  1- 3 |  4- 6 || total
-------------------------+-------+-------++-------
Melee: Trident           |   118 |   108 ||   226
  Eat: Chunk             |     2 |     6 ||     8
Armor: Scale mail        |    50 |    28 ||    78
Dodge: Dodged            |    34 |    26 ||    60
Block: Shield            |    76 |    57 ||   133
